 Dungeon Crawl Stone Soup version 0.29.0 (webtiles) character file.

Game seed: 15129211179579501134

51 Dorkslayer the Trooper (level 3, 0/34 HPs)
             Began as a Hill Orc Fighter on Sept 17, 2022.
             Slain by a gnoll
             ... wielding a +0 flail
              (3 damage)
             ... on level 2 of the Dungeon.
             The game lasted 00:02:28 (1943 turns).

Dorkslayer the Trooper (Hill Orc Fighter)           Turns: 1943, Time: 00:02:28

Health: 0/34       AC:  6    Str: 20    XL:     3   Next: 83%
Magic:  3/3        EV:  9    Int:  8    God:
Gold:   46         SH:  4    Dex: 10    Spells: 2/2 levels left

rFire   . . .      SeeInvis .   a - +0 war axe
rCold   . . .      Faith    .   c - +0 buckler
rNeg    . . .      Spirit   .   b - +0 scale mail
rPois   .          Reflect  .   (no helmet)
rElec   .          Harm     .   (no cloak)
rCorr   .          Rampage  .   (no gloves)
Will    .....                   (no boots)
Stlth   ..........              (no amulet)
HPRegen 0.11/turn               (no ring)
MPRegen 0.08/turn               (no ring)

@: no status effects
A: no striking features
a: no special abilities


You were on level 2 of the Dungeon.
You visited 1 branch of the dungeon, and saw 2 of its levels.

You collected 46 gold pieces.

Inventory:

Hand Weapons
 a - a +0 war axe (weapon)
 m - a +0 war axe
Armour
 b - a +0 scale mail (worn)
 c - a +0 buckler (worn)
Scrolls
 e - a scroll of acquirement {unknown}
 h - a scroll of summoning {unknown}
 j - a scroll of enchant armour {unknown}
Potions
 d - a potion of might
 f - a potion of cancellation {unknown}
 g - a potion of heal wounds {unknown}
 i - a potion of attraction {unknown}
 k - a potion of berserk rage {unknown}
 l - a potion of ambrosia {unknown}


   Skills:
 * Level 4.3 Fighting
 + Level 3.8 Axes
 + Level 3.5 Armour
 * Level 0.7 Dodging
 + Level 3.4 Shields


You had 2 spell levels left.
You didn't know any spells.
Your spell library was empty.

Dungeon Overview and Level Annotations

Branches:
Dungeon (2/15)

Altars:


Message History

You block the rat's attack.
You slash the rat!
You kill the rat!
You hit the goblin.
You kill the goblin!
You slash the goblin!
You kill the goblin!
Things that are here:
a +0 club; a goblin corpse
Things that are here:
a +0 club; a goblin corpse You see here a +0 war axe.
Things that are here:
a +0 club; a goblin corpse
l - a viscous dark potion
Things that are here:
a +0 club; a goblin corpse You see here a +0 war axe.
m - a +0 war axe
Things that are here:
a +0 club; a goblin corpse You now have 46 gold pieces (gained 7). 3 gnolls come into view.
A gnoll is wielding a +1 flail of holy wrath.
The gnoll shouts! x2
You slash the gnoll!
The gnoll is severely wounded.
The gnoll hits you with a +1 flail of holy wrath!
You completely miss the gnoll.
The gnoll is severely wounded.
The gnoll hits you with a +1 flail of holy wrath!
You hit the gnoll.
The gnoll is almost dead.
The gnoll hits you with a +1 flail of holy wrath.
* * * LOW HITPOINT WARNING * * *
You barely miss the gnoll.
The gnoll hits you with a +1 flail of holy wrath.
* * * LOW HITPOINT WARNING * * *
The gnoll hits you with a +0 flail.
You die...

####
#..##..##.#..##.#.
#...........#.#.#.
#.###..##.##.##.#. ##
#.# #.#.#.#.###.#. #..
#.###...........#.
##.##.#...###.#######.
#.........# #.# ###.
#.....g...# #.# #...
##.##@#..## #.# #... #
#g#..# #.# #...
#g..... ..# #...
.##..##########.#. .
#... .........#. ..
#.##########.... ..#
.# #.### ..# #.# ##
#.# ..# #.. #.#


You could see 3 gnolls.

Vanquished Creatures
  An adder (D:2)
  A dart slug (D:1)
  A ball python (D:2)
  A bat (D:2)
  An endoplasm (D:1)
  4 goblins
  2 hobgoblins (D:1)
  8 jackals
  2 quokkas
  6 frilled lizards
  6 kobolds
  4 rats
37 creatures vanquished.

Vanquished Creatures (others)
  4 plants (D:2)
4 creatures vanquished.

Grand Total: 41 creatures vanquished

Notes
Turn   | Place    | Note
-------+----------+-------------------------------------------
     0 | D:1      | Dorkslayer the Hill Orc Fighter began the quest for the
                  | Orb.
     0 | D:1      | Reached XP level 1. HP: 19/19 MP: 1/1
   380 | D:1      | Reached XP level 2. HP: 22/27 MP: 2/2
   518 | D:1      | Reached skill level 4 in Fighting
   908 | D:1      | Reached XP level 3. HP: 32/33 MP: 3/3
  1943 | D:2      | Slain by a gnoll

Illustrated notes

Levels and vault maps discovered:
D:1:      dpeg_arrival_pond, layout_basic
D:2:      layout_loops_ring, serial_shops, nicolae_lakefront_shop,
          serial_forest, infiniplex_forest_clump_medium,
          infiniplex_forest_straight_1, infiniplex_forest_corner_1,
          infiniplex_forest_split, infiniplex_forest_clump_tiny,
          infiniplex_forest_end_3, minmay_fractal_squares_gapless_5

Skill      XL: |  1  2 |
---------------+-------+-----
Fighting       | 4 |  4.3
Axes           | 3 |  3.8
Armour         | |  3.5
Dodging        | |  0.7
Shields        | |  3.4

Action                   || total
-------------------------++-------
Melee: War axe           ||   124
Armor: Scale mail        ||    57
Dodge: Dodged            ||    59
Block: Buckler           ||    26
